 Dungeon Crawl Stone Soup version 0.31-a0-217-g58bb5d79cf (webtiles) character file.

Game seed: 2636662857142254115

88 qw the Chopper (level 4, -4/28 HPs)
             Began as a Gargoyle Fighter on July 2, 2023.
             Killed from afar by Ijyb (5 damage)
             ... with a puff of flame
             ... on level 3 of the Dungeon.
             The game lasted 00:00:43 (1265 turns).

qw the Chopper (Gargoyle Fighter)                   Turns: 1265, Time: 00:00:44

Health: -4/28      AC: 10    Str: 21      XL:     4   Next: 53%
Magic:  4/4        EV:  9    Int:  7 (9)  God:
Gold:   55         SH:  4    Dex:  8 (9)  Spells: 3/3 levels left

rFire   . . .        Y - +0 war axe
rCold   . . .        c - +0 buckler
rNeg    + . .        b - +0 scale mail
rPois   inf          (no helmet)
rElec   +            (no cloak)
rCorr   .            (no gloves)
SInv    .            (no boots)
Will    .....        (no amulet) Stlth
                     (no ring)
HPRegen 0.24/turn    (no ring)
MPRegen 0.09/turn

%: no passive effects
@: no status effects
A: sickness immunity, AC +3, negative energy resistance 1, electricity
resistance, torment resistance 1, petrification resistance
a: no special abilities


You were on level 3 of the Dungeon.
You visited 1 branch of the dungeon, and saw 3 of its levels.

You collected 55 gold pieces.


Innate Abilities, Weirdness & Mutations

You are immune to sickness and miasma.
Your stone body is resilient. (AC +3)
You are immune to poison.
You resist negative energy. (rN+)
You are resistant to electric shocks. (rElec)
You are resistant to unholy torment.
You are immune to petrification.


   Skills:
 - Level 3.2 Fighting
 + Level 4.2 Axes
 - Level 3.2 Armour
 - Level 3.2 Shields


You had 3 spell levels left.
You didn't know any spells.
Your spell library was empty.

Inventory:

Hand Weapons
 j - a +0 flail
 Y - a +0 war axe (weapon)
Missiles
 k - 3 boomerangs (quivered)
Armour
 b - a +0 scale mail (worn)
 c - a +0 buckler (worn)
Jewellery
 i - a ring of fire
 l - an amulet of faith
Scrolls
 a - 2 scrolls of identify
 h - a scroll of teleportation {unknown}
Potions
 d - a potion of might
 e - a potion of resistance {unknown}
 f - a potion of enlightenment {unknown}
 g - a potion of mutation {unknown}

Dungeon Overview and Level Annotations

Branches:
Dungeon (3/15)

Altars:

Annotations:
D:3 Ijyb


Message History

You see here a +0 flail.
A giant cockroach comes into view.
Enter note: You throw a boomerang.
The boomerang barely misses the giant cockroach.
You throw a boomerang.
The boomerang hits the giant cockroach and shatters for extra damage.
You kill the giant cockroach!
Ijyb and a dart slug come into view.
Ijyb is wielding a +0 club, wearing a +3 leather armour of cold resistance and carrying a wand of flame (19).
Found a scroll labelled ZUZ ESEL AGHIDE.
Ijyb shouts!
Enter note:
Enter note: You barely miss Ijyb.
Ijyb zaps a wand.
The puff of flame hits you!
You closely miss Ijyb. Ijyb hits you with a +0 club.
Ijyb zaps a wand.
The puff of flame hits you but does no damage.
You hit Ijyb but do no damage. Ijyb hits you with a +0 club.
You hit Ijyb.
Ijyb is lightly wounded.
Ijyb hits you but does no damage.
You hit Ijyb but do no damage.
Ijyb is lightly wounded.
Ijyb hits you but does no damage. x2
You closely miss Ijyb.
Ijyb is lightly wounded.
Ijyb hits you but does no damage.
You hit Ijyb but do no damage.
Ijyb is lightly wounded.
Ijyb zaps a wand.
The puff of flame hits you!
You barely miss Ijyb.
Ijyb is lightly wounded.
Ijyb barely misses you.
Ijyb zaps a wand.
The puff of flame hits you.
You barely miss Ijyb.
Ijyb is lightly wounded.
Ijyb zaps a wand.
The puff of flame hits you.
You die...

~~.# #.~~ ..#
~~~~#+#~~~~ ...#
~~~8.8~~~ ...###
~~...~~ .....
#####8.8####
##...#
#...#...#..#
##....#
...>#8.8#..#
##.....#
.....).....# #...#
....)......# #.#@#
..........)###.#g#
.###...##.#....#w.
..
#..###...####...
##....# #..##
#..?. ##..### ####
..##.. ...## ..#
..# ...# .## ..
...#


You could see Ijyb and a dart slug.

Vanquished Creatures
  2 gnolls (D:1)
  3 adders (D:2)
  A dart slug (D:1)
  2 orcs (D:3)
  An endoplasm (D:1)
  3 giant cockroaches
  5 goblins
  3 hobgoblins (D:1)
  4 jackals (D:3)
  3 kobolds (D:1)
  A quokka (D:3)
  A ball python (D:1)
  A bat (D:1)
  A frilled lizard (D:2)
  2 rats
33 creatures vanquished.

Notes
Turn   | Place    | Note
-------+----------+-------------------------------------------
     0 | D:1      | qw the Gargoyle Fighter began the quest for the Orb.
     0 | D:1      | Reached XP level 1. HP: 14/14 MP: 1/1
     0 | D:1      | 0 ||| qw: Version: 0.3-a-40-ge99b1a8
     0 | D:1      | 0 ||| qw: Game counter: 268
     0 | D:1      | 0 ||| qw: Melee chars always use a shield: true
     0 | D:1      | 0 ||| qw: God list: Okawaru
     0 | D:1      | 0 ||| qw: Allow faded altars: false
     0 | D:1      | 0 ||| qw: Do Orc after clearing Dungeon:15 true
     0 | D:1      | 0 ||| qw: Do second Lair branch before Depths: true
     0 | D:1      | 0 ||| qw: Lair rune preference: random
     0 | D:1      | 0 ||| qw: Goals: Normal, Zot:1-4, Slime:5, God:TSO, Crypt,
                  | Tomb, Abyss, Pan, Hells, Win
     0 | D:1      | 0 ||| PLANNING D:1-11
    20 | D:1      | 20 ||| Stepping ~*~*~tactically~*~*~ (hiding).
    32 | D:1      | Reached skill level 2 in Axes
   198 | D:1      | Reached XP level 2. HP: 19/19 MP: 2/2
   299 | D:1      | 299 ||| Stepping ~*~*~tactically~*~*~ (hiding).
   300 | D:1      | 300 ||| Stepping ~*~*~tactically~*~*~ (hiding).
   333 | D:1      | Reached skill level 3 in Axes
   340 | D:1      | 340 ||| DROPPING +0 mace.
   429 | D:1      | 429 ||| Stepping ~*~*~tactically~*~*~ (stealth).
   438 | D:1      | 438 ||| Stepping ~*~*~tactically~*~*~ (stealth).
   442 | D:1      | Reached XP level 3. HP: 23/23 MP: 3/3
   826 | D:1      | 826 ||| READING 2 scrolls labelled BIREXT FEASEN.
   827 | D:1      | 827 ||| READING scroll labelled GUCZIOMPAZ.
   828 | D:1      | 828 ||| READING scroll labelled SONAC BIKH.
   829 | D:1      | 829 ||| DRINKING 3 silvery potions.
   830 | D:1      | 830 ||| DROPPING scroll of amnesia.
   831 | D:1      | 831 ||| DROPPING 2 potions of degeneration.
  1013 | D:2      | Reached XP level 4. HP: 28/28 MP: 4/4
  1087 | D:2      | Reached skill level 4 in Axes
  1135 | D:2      | You fall into a shaft and drop 1 floor!
  1136 | D:3      | 1136 ||| PLANNING SEWER
  1139 | D:3      | 1139 ||| Stepping ~*~*~tactically~*~*~ (stealth).
  1142 | D:3      | 1142 ||| Stepping ~*~*~tactically~*~*~ (stealth).
  1145 | D:3      | 1145 ||| Stepping ~*~*~tactically~*~*~ (stealth).
  1208 | D:3      | 1208 ||| Stepping ~*~*~tactically~*~*~ (stealth).
  1255 | D:3      | Noticed Ijyb
  1263 | D:3      | HP: 5/28 [Ijyb/puff of flame (9)]
  1264 | D:3      | HP: 1/28 [Ijyb/puff of flame (5)]
  1265 | D:3      | Killed from afar by Ijyb

Levels and vault maps discovered:
D:1:      ldierk_walled_garden_2, layout_basic, chequers_serial_rivers_small_3
D:2:      layout_basic, minmay_door_square
D:3:      layout_rooms, kennysheep_orc_sif_temple, mainiacjoe_overflow_24_doors,
          gup_sewer_entry_pipe, serial_shops, nicolae_shop_behind_doors,
          shapermc_ecumenical_altar_mp_vishouse, minmay_stone_trees_medium,
          uniq_ijyb

Skill      XL: |  1  2  3  4 |
---------------+-------------+-----
Axes           | 2 3 4 |  4.2
Fighting       | |  3.2
Armour         | |  3.2
Shields        | |  3.2

Action                     |  1- 3 |  4- 6 || total
---------------------------+-------+-------++-------
  Melee: War axe           |    77 |    40 ||   117
  Throw: Boomerang         |    19 |    11 ||    30
    Use: Scroll            |     3 |       ||     3
         Potion            |     1 |       ||     1
 Armour: Scale mail        |    39 |    35 ||    74
  Dodge: Dodged            |    49 |    19 ||    68
  Block: Buckler           |    18 |    14 ||    32

Table legend:
 A = Non-vault XP
 B = Vault XP
 C = Vault XP percentage of total XP
 D = Non-vault monster count
 E = Vault monster count
 F = Vault count percentage of total count
                 A         B        C        D         E       F
            +---------+---------+-------+---------+---------+-------
      Total |     123 |       3 |   2.4 |      32 |       1 |   3.0
            +---------+---------+-------+---------+---------+-------
        D:1 |      56 |       0 |   0.0 |      16 |       0 |   0.0
        D:2 |      52 |       0 |   0.0 |       9 |       0 |   0.0
        D:3 |      15 |       3 |  16.7 |       7 |       1 |  12.5
            +---------+---------+-------+---------+---------+-------
